 Dungeon Crawl Stone Soup version 0.23.1-41-g7e51ed3 (webtiles) character file.

Game seed: 13308833740389802733

460 dhn the Chopper (level 6, -2/55 HPs)
             Began as a Minotaur Fighter on Mar 29, 2019.
             Slain by a gnoll sergeant
             ... wielding a +0 flail
              (15 damage)
             ... on level 5 of the Dungeon.
             The game lasted 00:04:10 (3320 turns).

dhn the Chopper (Minotaur Fighter)                  Turns: 3320, Time: 00:04:11

Health: -2/55      AC:  7    Str: 20    XL:     6   Next: 78%
Magic:  5/5        EV:  8    Int:  6    God:
Gold:   279        SH: 10    Dex: 11    Spells: 5/5 levels left

rFire    . . .     SeeInvis .   a - +0 war axe
rCold    . . .     Gourm    .   c - +0 shield
rNeg     . . .     Faith    .   b - +0 scale mail
rPois    .         Spirit   .   (helmet restricted)
rElec    .         Reflect  .   (no cloak)
rCorr    .         Harm     .   (no gloves)
MR       +....                  (no boots)
Stlth    ..........             (no amulet)
HPRegen  0.18/turn              i - ring of protection from magic
MPRegen  0.09/turn              (no ring)

@: no status effects
A: retaliatory headbutt, horns 2
a: no special abilities


You were on level 5 of the Dungeon.
You were not hungry.

You visited 1 branch of the dungeon, and saw 5 of its levels.

You collected 279 gold pieces.

Inventory:

Hand Weapons
 a - a +0 war axe (weapon)
Armour
 b - a +0 scale mail (worn)
 c - a +0 shield (worn)
Jewellery
 i - a ring of protection from magic (left hand)
 n - a +5 ring of evasion {unknown}
 o - an uncursed ring of see invisible {unknown}
Wands
 s - a wand of paralysis (12)
Scrolls
 g - 6 scrolls of remove curse {unknown}
 j - a scroll of enchant weapon {unknown}
 k - 4 scrolls of identify {unknown}
 q - a scroll of teleportation {unknown}
Potions
 d - 3 potions of might
 e - a potion of invisibility {unknown}
 h - 2 potions of flight {unknown}
 l - a potion of degeneration {unknown}
 m - a potion of curing {unknown}
 p - a potion of lignification {unknown}
 r - a potion of berserk rage {unknown}
Comestibles
 f - 7 rations
 t - 2 chunks of flesh


   Skills:
 + Level 4.9 Fighting
 + Level 5.7 Axes
 + Level 5.1 Armour
 + Level 2.2 Dodging
 + Level 5.1 Shields


You had 5 spell levels left.
You didn't know any spells.
Your spell library was empty.

Dungeon Overview and Level Annotations

Branches:
Dungeon (5/15)
 Temple: D:4-7

Altars:
Kikubaaqudgha
Vehumet
Zin


Innate Abilities, Weirdness & Mutations

You reflexively headbutt those who attack you in melee.
You have a pair of horns on your head.


Message History

You hit the gnoll sergeant.
The gnoll sergeant is severely wounded.
You block the gnoll's attack.
The gnoll hits you from afar with a +0 spear.
The gnoll sergeant hits you with a +0 flail!
You hit the gnoll sergeant.
The gnoll sergeant is almost dead.
You block the gnoll's attack.
The gnoll sergeant hits you with a +0 flail.
You hit the gnoll sergeant but do no damage.
Your headbutt misses the gnoll sergeant.
The gnoll sergeant is almost dead.
The gnoll hits you but does no damage.
The gnoll sergeant hits you with a +0 flail!
* * * LOW HITPOINT WARNING * * *
You hit the gnoll sergeant.
The gnoll sergeant is almost dead.
You block the gnoll's attack.
The gnoll sergeant hits you with a +0 flail!
You die...

... #########
##.. #.......#
.#...##.#####.#
......#.#####.#
#.........<#.#
##.###.###<#.#
#.# #.#.#
#.###.#.####
#........g@#
##########.#
#g# #..ggg...#
#...#.###.g..
......... ..
###.. ..#
##..### # .


You could see a gnoll sergeant and 4 gnolls.

Vanquished Creatures
  A centaur (D:4)
  A worker ant (D:3)
  An orc wizard (D:4)
  6 gnolls
  11 adders
  2 oozes
  2 adder skeletons (D:4)
  4 worms
  A dart slug (D:3)
  4 leopard geckos
  26 orcs
  9 bats
  6 giant cockroaches
  8 goblins
  11 hobgoblins
  6 jackals
  2 quokkas (D:4)
  2 ball pythons (D:1)
  9 frilled lizards
  9 kobolds
  7 rats
128 creatures vanquished.

Notes
Turn   | Place    | Note
-------+----------+-------------------------------------------
     0 | D:1      | dhn the Minotaur Fighter began the quest for the Orb.
     0 | D:1      | Reached XP level 1. HP: 19/19 MP: 0/0
   164 | D:1      | Reached XP level 2. HP: 27/27 MP: 1/1
   214 | D:1      | Reached XP level 3. HP: 28/33 MP: 2/2
   933 | D:2      | Reached XP level 4. HP: 31/41 MP: 3/3
  1103 | D:2      | Reached skill level 1 in Dodging
  1366 | D:2      | Reached XP level 5. HP: 47/47 MP: 4/4
  2391 | D:3      | Found a glowing silver altar of Zin.
  2398 | D:3      | Found a radiant altar of Vehumet.
  2402 | D:3      | Found an ancient bone altar of Kikubaaqudgha.
  2601 | D:3      | Reached XP level 6. HP: 49/53 MP: 5/5
  2757 | D:4      | Reached skill level 5 in Axes
  2757 | D:4      | Reached skill level 5 in Armour
  2757 | D:4      | Reached skill level 5 in Shields
  3277 | D:5      | Entered Level 5 of the Dungeon
  3320 | D:5      | Slain by a gnoll sergeant

Skill      XL: |  1  2  3  4  5  6 |
---------------+-------------------+-----
Fighting       | 4 |  4.9
Armour         | 4 5 |  5.1
Shields        | 4 5 |  5.1
Axes           | 3 4 5 |  5.7
Dodging        | 1 2 |  2.2

Action                   |  1- 3 |  4- 6 || total
-------------------------+-------+-------++-------
Melee: War axe           |   106 |   217 ||   323
       Headbutt          |     9 |    47 ||    56
  Eat: Chunk             |       |     8 ||     8
Armor: Scale mail        |    40 |    92 ||   132
Dodge: Dodged            |    34 |    73 ||   107
Block: Shield            |    44 |   123 ||   167
